 Dungeon Crawl Stone Soup version 0.29.0-4-gdea44cf6ec (webtiles) character file.

Game seed: 13534746648782183856

28807 qw the Brawler (level 13, 0/127 HPs)
             Began as a Troll Cinder Acolyte on Sept 1, 2022.
             Was a Follower of Okawaru.
             Succumbed to a black mamba's poison
             ... on level 5 of the Lair of Beasts.
             The game lasted 00:08:26 (13719 turns).

qw the Brawler (Troll Cinder Acolyte)              Turns: 13719, Time: 00:08:26

Health: 0/127      AC: 13    Str: 29    XL:     13   Next: 11%
Magic:  12/13      EV: 10    Int: 10    God:    Okawaru [*.....]
Gold:   972        SH:  0    Dex:  5    Spells: 14/14 levels left

rFire   . . .      SeeInvis .     - Unarmed
rCold   . . .      Faith    .   (no shield)
rNeg    . . .      Spirit   .   k - +3 acid dragon scales
rPois   .          Reflect  .   (helmet restricted)
rElec   .          Harm     .   (no cloak)
rCorr   +          Rampage  .   (gloves unavailable)
Will    +....                   (boots unavailable)
Stlth   ++........              (no amulet)
HPRegen 1.11/turn               Y - ring of protection from fire
MPRegen 0.13/turn               o - ring of willpower

@: lethally poisoned (0 -> -45), about to teleport, heroic, fire susceptible
A: large, unfitting armour, claws 3, regeneration 1, shaggy fur 1, tough skin 1,
fire resistance 1, wild magic 1
a: Renounce Religion, Heroism


You were on level 5 of the Lair of Beasts.
You worshipped Okawaru.
Okawaru was aware of your devotion.
You visited 3 branches of the dungeon, and saw 17 of its levels.
You also visited: Sewer and Ossuary.

You collected 1116 gold pieces.
You spent 144 gold pieces at shops.


Innate Abilities, Weirdness & Mutations

You are too large for most types of armour.
You have claws for hands.
Your natural rate of healing is unusually fast.
You are covered in fur. (AC +1)
You have tough skin. (AC +1)
Your flesh is heat resistant. (rF+)
Your spells are a little harder to cast, but a little more powerful.


   Skills:
 - Level 8.0(13.0) Fighting
 - Level 5.1(10.1) Throwing
 - Level 3.2(8.2) Armour
 - Level 2.0(7.0) Dodging
 + Level 18.7(23.7) Unarmed Combat
 - Level 1.0 Spellcasting
 - Level 2.1 Fire Magic
 + Level 2.5 Invocations


You had 14 spell levels left.
You didn't know any spells.
Your spell library contained the following spells:

 Spells                   Type           Power      Damage    Failure   Level
 Scorch                   Fire           12%        2d5       32%         2

Inventory:

Missiles
 s - a boomerang (quivered)
Armour
 k - +3 acid dragon scales (worn)
Jewellery
 a - a ring of resist corrosion
 f - a ring of protection from fire
 j - a ring of ice
 o - a ring of willpower (right claw)
 p - a +6 ring of strength
 q - a ring of ice
 t - an amulet of regeneration
 Y - a ring of protection from fire (left claw)
Scrolls
 c - 5 scrolls of identify
 m - a scroll of enchant weapon
 n - 6 scrolls of teleportation
Potions
 d - a potion of cancellation
 e - 2 potions of might
 g - 2 potions of haste
 h - 10 potions of curing
 i - 4 potions of resistance
 l - 9 potions of mutation

Dungeon Overview and Level Annotations

Branches:
Dungeon (11/15)            Temple (1/1) D:7            Lair (4/5) D:11
  Swamp (0/4) Lair:3        Snake (0/4) Lair:3          Orc (0/2) D:11
  Sewer (visited)         Ossuary (visited)
  Slime: Lair:4-5

Altars:
Ashenzari
Cheibriados
Dithmenos
Elyvilon
Fedhas
Gozag
Hepliaklqana
Kikubaaqudgha
Makhleb
Nemelex Xobeh
Okawaru
Qazlal
Ru
Sif Muna
Trog
Uskayaw
Vehumet
Wu Jian
Xom
Yredelemnul
Zin
The Shining One

Shops:
D:2 *

Annotations:
D:5 1 runed translucent door, qw's ghost, novice TrCA
D:6 1 runed translucent door, Crazy Yiuf
D:8 2 transporters
Lair:2 1 runed translucent door, qw's ghost, journeyman TrCA


Message History

The black mamba barely misses you. The elephant closely misses you.
The elephant barely misses you. The elephant tramples you!
You hold your ground!
The elephant barely misses you.
The elephant tramples you but does no damage.
The elephant trunk-slaps you but does no damage.
The black mamba closely misses you.
13716 ||| DRINKING 3 potions of heal wounds.
You feel much better.
You feel extremely sick. The black mamba bites you! The elephant tramples you.
You hold your ground!
The elephant completely misses you. The elephant closely misses you.
The elephant trunk-slaps you but does no damage.
The elephant barely misses you.
The elephant trunk-slaps you but does no damage.
The black mamba bites you!
You are more poisoned.
The black mamba poisons you!
13717 ||| DRINKING 2 potions of heal wounds.
You feel much better.
You feel extremely sick. The black mamba closely misses you.
The elephant tramples you but does no damage.
The elephant barely misses you.
The elephant tramples you but does no damage.
The elephant trunk-slaps you but does no damage.
The elephant tramples you but does no damage.
The elephant trunk-slaps you but does no damage.
13718 ||| DRINKING potion of heal wounds.
You feel much better.
You feel extremely sick. The black mamba bites you!
You are lethally poisoned!
The black mamba poisons you! The black mamba misses you.
The elephant tramples you!
You hold your ground!
The elephant trunk-slaps you but does no damage.
The elephant tramples you but does no damage.
The elephant trunk-slaps you. The elephant tramples you.
You hold your ground!
The elephant trunk-slaps you but does no damage.
You barely miss the elephant.
You die...

#.#.# #[#.# #.#..
+...# #.#.# ##
#.#.#..#
#######kl...#..
.....YYYS.......
......#@YP#:.....
.P..########.....


YPY #...P Y. .Y.. S .l( You could see 4 elephants, a komodo dragon, a black
mamba and a rime drake.

Vanquished Creatures
  A hydra (Lair:4)
  A two-headed ogre (D:10)
  3 death yaks (Lair:4)
  Nergalle (D:11)
  Pikel (D:8)
  8 elephants
  2 black mambas
  2 molten gargoyles (Lair:3)
  Maggie (D:9)
  9 cane toads
  A kobold demonologist (D:10)
  6 rime drakes
  2 komodo dragons
  A troll (D:10)
  Prince Ribbit (D:6)
  4 vampires
  5 wyverns
  2 fire elementals (Lair:4)
  29 yaks
  A basilisk (Lair:2)
  2 steam dragons
  3 nagas (Lair:3)
  An acid dragon (D:6)
  9 water moccasins
  Pargi (Sewer)
  2 ice beasts
  4 orc warriors
  5 black bears
  3 sky beasts
  2 ogres
  17 wolves
  2 phantoms
  7 centaurs
  A lemure (D:9)
  9 kobold brigands
  13 bullfrogs
  13 scorpions
  A gnoll sergeant (D:8)
  3 wights (D:7)
  7 killer bees
  3 howler monkeys
  An electric eel (Lair:2)
  5 lava snakes (Lair:3)
  3 centaur zombies (Ossuary)
  A human zombie (Ossuary)
  7 hounds
  5 jellies
  5 orc priests
  5 iguanas
  A gnoll bouda (D:9)
  6 scorpion zombies (Ossuary)
  8 orc wizards
  3 mummies (Ossuary)
  Robin (D:3)
  8 adders
  10 gnolls
  3 shadow imps
  4 white imps (D:6)
  An ufetubus (D:4)
  3 worms
  3 dart slugs
  46 orcs
  5 endoplasms
  2 giant cockroaches
  13 goblins
  12 hobgoblins
  8 quokkas
  8 ball pythons
  9 bats
  11 frilled lizards
  2 gnoll zombies (Ossuary)
  2 hobgoblin zombies (Ossuary)
  16 kobolds
  A kobold zombie (Ossuary)
  4 orc zombies (Ossuary)
  A rat (D:2)
412 creatures vanquished.

Vanquished Creatures (others)
  An orc (D:6)
  17 fungi
  19 plants
37 creatures vanquished.

Grand Total: 449 creatures vanquished

Notes
Turn   | Place    | Note
-------+----------+-------------------------------------------
     0 | D:1      | qw the Troll Cinder Acolyte began the quest for the Orb.
     0 | D:1      | Reached XP level 1. HP: 22/22 MP: 1/1
     0 | D:1      | 0 ||| qw: Version: 0.1-a-97-g2dd2ca4
     0 | D:1      | 0 ||| qw: Game counter: 4810
     0 | D:1      | 0 ||| qw: Always use a shield: true
     0 | D:1      | 0 ||| qw: God list: Okawaru
     0 | D:1      | 0 ||| qw: Allow faded altars: false
     0 | D:1      | 0 ||| qw: Do Orc after D:15 true
     0 | D:1      | 0 ||| qw: Do second Lair branch before Depths: true
     0 | D:1      | 0 ||| qw: Lair rune preference: random
     0 | D:1      | 0 ||| qw: Plans: Normal
     0 | D:1      | 0 ||| PLANNING D:1-11
   116 | D:1      | 116 ||| Stepping ~*~*~tactically~*~*~ (stealth).
   226 | D:1      | 226 ||| Stepping ~*~*~tactically~*~*~ (stealth).
   227 | D:1      | 227 ||| Stepping ~*~*~tactically~*~*~ (stealth).
   233 | D:1      | Reached XP level 2. HP: 28/29 MP: 2/2
   508 | D:1      | Reached skill level 4 in Unarmed Combat
   543 | D:1      | 543 ||| READING scroll labelled TIRETI DUC FUUTY.
   544 | D:1      | 544 ||| DRINKING 2 viscous pink potions.
   545 | D:1      | 545 ||| DROPPING potion of attraction.
   596 | D:2      | 596 ||| Stepping ~*~*~tactically~*~*~ (hiding).
   601 | D:2      | 601 ||| Stepping ~*~*~tactically~*~*~ (stealth).
   637 | D:2      | Reached XP level 3. HP: 24/36 MP: 3/3
   639 | D:2      | 639 ||| FLEEEEING.
   640 | D:2      | 640 ||| FLEEEEING.
   641 | D:2      | 641 ||| FLEEEEING.
   642 | D:2      | 642 ||| FLEEEEING.
   643 | D:2      | 643 ||| FLEEEEING.
   649 | D:2      | 649 ||| Stepping ~*~*~tactically~*~*~ (stealth).
   658 | D:2      | 658 ||| Stepping ~*~*~tactically~*~*~ (stealth).
   770 | D:2      | 770 ||| INVOKING Fiery Armour.
   969 | D:2      | Reached skill level 5 in Unarmed Combat
   969 | D:2      | Reached XP level 4. HP: 44/44 MP: 4/4
   970 | D:2      | 970 ||| Stepping ~*~*~tactically~*~*~ (stealth).
  1061 | D:2      | Found Meizeov's Assorted Antiques.
  1070 | D:2      | 1070 ||| BUYING 2 metallic clear potions (46 gold).
  1070 | D:2      | Bought 2 metallic clear potions for 46 gold pieces
  1070 | D:2      | 1070 ||| BUYING coppery potion (23 gold).
  1070 | D:2      | Bought a coppery potion for 23 gold pieces
  1070 | D:2      | 1070 ||| BUYING golden potion (23 gold).
  1070 | D:2      | Bought a golden potion for 23 gold pieces
  1070 | D:2      | 1070 ||| BUYING scroll labelled GUEMPI JEFUT (26 gold).
  1070 | D:2      | Bought a scroll labelled GUEMPI JEFUT for 26 gold pieces
  1070 | D:2      | 1070 ||| BUYING scroll labelled GUEMPI JEFUT (26 gold).
  1070 | D:2      | Bought a scroll labelled GUEMPI JEFUT for 26 gold pieces
  1070 | D:2      | 1070 ||| SHOPLISTING scroll labelled PAUL UXUKUEXIG (26
                  | gold, have 11).
  1113 | D:2      | Found a faded altar of an unknown god.
  1157 | D:2      | 1157 ||| READING scroll labelled CABIUB ATATYGH.
  1158 | D:2      | 1158 ||| READING scroll labelled PAWAVA MUSHUIT.
  1161 | D:2      | 1161 ||| READING scroll labelled CUGRUH QEID.
  1162 | D:2      | 1162 ||| READING scroll labelled VUEDOCS YKLEEC.
  1163 | D:2      | 1163 ||| READING 3 scrolls labelled GUEMPI JEFUT.
  1164 | D:2      | 1164 ||| DRINKING 3 smoky pink potions.
  1165 | D:2      | 1165 ||| DRINKING 2 coppery potions.
  1166 | D:2      | 1166 ||| DRINKING 2 metallic clear potions.
  1166 | D:2      | Gained mutation: Your spells are a little harder to cast,
                  | but a little more powerful. [potion of mutation]
  1166 | D:2      | Gained mutation: You have hidden genetic defects. [potion
                  | of mutation]
  1166 | D:2      | Lost mutation: You have hidden genetic defects. [potion of
                  | mutation]
  1166 | D:2      | Gained mutation: Your flesh is heat resistant. (rF+)
                  | [potion of mutation]
  1167 | D:2      | 1167 ||| READING 2 scrolls of identify.
  1167 | D:2      | 1167 ||| IDENTIFYING orange potion
  1168 | D:2      | 1168 ||| DROPPING potion of flight.
  1174 | D:3      | 1174 ||| PLANNING SEWER
  1235 | D:3      | Noticed Robin
  1236 | D:3      | 1236 ||| Stepping ~*~*~tactically~*~*~ (hiding).
  1245 | D:3      | 1245 ||| INVOKING Fiery Armour.
  1248 | D:3      | Killed Robin
  1268 | D:3      | 1268 ||| Stepping ~*~*~tactically~*~*~ (hiding).
  1445 | D:3      | 1445 ||| Stepping ~*~*~tactically~*~*~ (outnumbered).
  1496 | D:3      | Reached XP level 5. HP: 40/50 MP: 5/5
  1496 | D:3      | 1496 ||| Stepping ~*~*~tactically~*~*~ (stealth).
  1523 | D:3      | Identified the +8 hand axe of the Messenger {drain, rElec
                  | rPois rF- Stlth+}
  1563 | D:3      | 1563 ||| Stepping ~*~*~tactically~*~*~ (stealth).
  1715 | D:3      | Found a glowing drain.
  1716 | D:3      | 1716 ||| DRINKING 4 blue potions.
  1717 | D:3      | 1717 ||| READING 2 scrolls of identify.
  1717 | D:3      | 1717 ||| IDENTIFYING ruby potion
  1722 | Sewer    | Entered a sewer
  1738 | Sewer    | Noticed Pargi
  1745 | Sewer    | Killed Pargi
  1746 | Sewer    | Reached skill level 6 in Unarmed Combat
  1867 | Sewer    | 1867 ||| READING scroll labelled YLAXOST FITY.
  1868 | Sewer    | 1868 ||| DRINKING 3 golden potions.
  1869 | Sewer    | 1869 ||| DROPPING 2 potions of magic.
  1884 | D:3      | 1884 ||| PLANNING D:1-11
  1884 | D:3      | 1884 ||| Stepping randomly (stuck).
  1910 | D:4      | Reached XP level 6. HP: 59/59 MP: 6/6
  1910 | D:4      | 1910 ||| STAIRDANCE
  2110 | D:4      | Reached skill level 7 in Unarmed Combat
  2179 | D:4      | 2179 ||| Stepping ~*~*~tactically~*~*~ (stealth).
  2194 | D:4      | Found a white marble altar of Elyvilon.
  2195 | D:4      | 2195 ||| Stepping ~*~*~tactically~*~*~ (stealth).
  2203 | D:4      | 2203 ||| Stepping ~*~*~tactically~*~*~ (outnumbered).
  2217 | D:4      | 2217 ||| Stepping ~*~*~tactically~*~*~ (hiding).
  2231 | D:4      | 2231 ||| Stepping ~*~*~tactically~*~*~ (stealth).
  2314 | D:4      | 2314 ||| Stepping ~*~*~tactically~*~*~ (hiding).
  2315 | D:4      | 2315 ||| Stepping ~*~*~tactically~*~*~ (hiding).
  2317 | D:4      | 2317 ||| INVOKING Fiery Armour.
  2318 | D:4      | 2318 ||| Stepping ~*~*~tactically~*~*~ (outnumbered).
  2329 | D:4      | HP: 13/59 [orc/+1 vampiric trident (2)]
  2330 | D:4      | 2330 ||| DRINKING 3 potions of heal wounds.
  2419 | D:4      | Reached skill level 8 in Unarmed Combat
  2524 | D:4      | 2524 ||| Stepping ~*~*~tactically~*~*~ (stealth).
  2526 | D:4      | Reached XP level 7. HP: 66/66 MP: 7/7
  2527 | D:4      | 2527 ||| Stepping ~*~*~tactically~*~*~ (stealth).
  2528 | D:4      | 2528 ||| Stepping ~*~*~tactically~*~*~ (stealth).
  2529 | D:4      | 2529 ||| Stepping ~*~*~tactically~*~*~ (stealth).
  2530 | D:4      | 2530 ||| Stepping ~*~*~tactically~*~*~ (stealth).
  2597 | D:4      | Reached skill level 3 in Fighting
  2822 | D:4      | 2822 ||| READING scroll labelled TIAMOM QITAEMI.
  2923 | D:4      | 2923 ||| READING scroll labelled PAUL UXUKUEXIG.
  2924 | D:4      | 2924 ||| DRINKING 2 purple potions.
  2925 | D:4      | 2925 ||| READING 2 scrolls of identify.
  2925 | D:4      | 2925 ||| IDENTIFYING grey potion
  2926 | D:4      | 2926 ||| DROPPING potion of brilliance.
  2965 | D:5      | Entered Level 5 of the Dungeon
  3000 | D:5      | Found a runed translucent door.
  3000 | D:5      | Noticed qw's ghost (novice TrCA)
  3018 | D:5      | 3018 ||| Stepping ~*~*~tactically~*~*~ (hiding).
  3040 | D:5      | 3040 ||| FLEEEEING.
  3041 | D:5      | 3041 ||| FLEEEEING.
  3042 | D:5      | 3042 ||| FLEEEEING.
  3043 | D:5      | 3043 ||| FLEEEEING.
  3044 | D:5      | 3044 ||| FLEEEEING.
  3045 | D:5      | 3045 ||| FLEEEEING.
  3046 | D:5      | 3046 ||| FLEEEEING.
  3047 | D:5      | 3047 ||| FLEEEEING.
  3048 | D:5      | 3048 ||| STAIRDANCE
  3063 | D:5      | 3063 ||| STAIRDANCE
  3069 | D:5      | 3069 ||| STAIRDANCE
  3071 | D:4      | 3071 ||| Stepping ~*~*~tactically~*~*~ (outnumbered).
  3072 | D:4      | 3072 ||| Stepping ~*~*~tactically~*~*~ (outnumbered).
  3073 | D:4      | 3073 ||| Stepping ~*~*~tactically~*~*~ (outnumbered).
  3075 | D:4      | 3075 ||| Stepping ~*~*~tactically~*~*~ (outnumbered).
  3079 | D:4      | 3079 ||| FLEEEEING.
  3080 | D:4      | 3080 ||| FLEEEEING.
  3081 | D:4      | 3081 ||| FLEEEEING.
  3082 | D:4      | 3082 ||| FLEEEEING.
  3083 | D:4      | 3083 ||| FLEEEEING.
  3084 | D:4      | 3084 ||| FLEEEEING.
  3085 | D:4      | 3085 ||| FLEEEEING.
  3086 | D:4      | 3086 ||| FLEEEEING.
  3087 | D:4      | 3087 ||| FLEEEEING.
  3088 | D:4      | 3088 ||| FLEEEEING.
  3089 | D:4      | 3089 ||| FLEEEEING.
  3090 | D:4      | 3090 ||| FLEEEEING.
  3091 | D:4      | 3091 ||| FLEEEEING.
  3092 | D:4      | 3092 ||| FLEEEEING.
  3148 | D:5      | Reached skill level 9 in Unarmed Combat
  3202 | D:5      | 3202 ||| Stepping ~*~*~tactically~*~*~ (stealth).
  3220 | D:5      | Reached skill level 1 in Dodging
  3405 | D:5      | Reached XP level 8. HP: 71/75 MP: 8/8
  3598 | D:5      | 3598 ||| UPGRADING to +2 robe of cold resistance.
  3608 | D:5      | 3608 ||| DROPPING +0 robe.
  3609 | D:5      | 3609 ||| READING scroll labelled ZUYREC BODAU.
  3636 | D:6      | 3636 ||| PLANNING OSSUARY
  3729 | D:6      | 3729 ||| Stepping ~*~*~tactically~*~*~ (hiding).
  3731 | D:6      | 3731 ||| Stepping ~*~*~tactically~*~*~ (hiding).
  3771 | D:6      | 3771 ||| INVOKING Fiery Armour.
  3773 | D:6      | Noticed Prince Ribbit
  3777 | D:6      | Reached skill level 10 in Unarmed Combat
  3778 | D:6      | 3778 ||| Stepping ~*~*~tactically~*~*~ (outnumbered).
  3779 | D:6      | 3779 ||| Stepping ~*~*~tactically~*~*~ (outnumbered).
  3786 | D:6      | HP: 13/78 [acid dragon/splash of acid (24)]
  3787 | D:6      | 3787 ||| READING scroll of teleportation.
  3788 | D:6      | 3788 ||| DRINKING 3 potions of heal wounds.
  3791 | D:6      | Found a stormy altar of Qazlal.
  3878 | D:6      | Reached skill level 1 in Throwing
  3940 | D:6      | Killed Prince Ribbit
  3968 | D:6      | 3968 ||| Stepping ~*~*~tactically~*~*~ (hiding).
  3969 | D:6      | 3969 ||| Stepping ~*~*~tactically~*~*~ (hiding).
  3977 | D:6      | Reached XP level 9. HP: 77/85 MP: 9/9
  3996 | D:6      | Reached skill level 11 in Unarmed Combat
  4001 | D:6      | 4001 ||| Stepping ~*~*~tactically~*~*~ (hiding).
  4105 | D:6      | Found a sand-covered staircase.
  4106 | D:6      | 4106 ||| UPGRADING to +0 acid dragon scales.
  4116 | D:6      | 4116 ||| READING scroll labelled CANUGI QAITZ.
  4117 | D:6      | 4117 ||| READING 2 scrolls of identify.
  4117 | D:6      | 4117 ||| IDENTIFYING brown potion
  4121 | Ossuary  | Entered an ossuary
  4155 | Ossuary  | Reached skill level 1 in Armour
  4204 | Ossuary  | 4204 ||| Stepping ~*~*~tactically~*~*~ (outnumbered).
  4206 | Ossuary  | 4206 ||| Stepping ~*~*~tactically~*~*~ (outnumbered).
  4207 | Ossuary  | 4207 ||| Stepping ~*~*~tactically~*~*~ (outnumbered).
  4301 | Ossuary  | 4301 ||| Stepping ~*~*~tactically~*~*~ (outnumbered).
  4305 | Ossuary  | Reached skill level 12 in Unarmed Combat
  4350 | Ossuary  | 4350 ||| READING scroll of enchant armour.
  4350 | Ossuary  | 4350 ||| ENCHANTING +0 acid dragon scales.
  4359 | Ossuary  | 4359 ||| READING scroll of enchant armour.
  4359 | Ossuary  | 4359 ||| ENCHANTING +1 acid dragon scales.
  4432 | Ossuary  | 4432 ||| DROPPING +2 robe of cold resistance.
  4433 | Ossuary  | 4433 ||| UPGRADING to ring of protection from fire.
  4434 | Ossuary  | 4434 ||| DROPPING +6 ring of intelligence.
  4435 | Ossuary  | 4435 ||| READING 2 scrolls labelled ZIPIAMMEATS.
  4436 | Ossuary  | 4436 ||| READING scroll labelled QYNNOSTO BYNN.
  4437 | Ossuary  | 4437 ||| READING 3 scrolls of identify.
  4437 | Ossuary  | 4437 ||| IDENTIFYING bubbling inky potion
  4438 | Ossuary  | 4438 ||| READING 2 scrolls of identify.
  4438 | Ossuary  | 4438 ||| IDENTIFYING smoky cyan potion
  4439 | Ossuary  | 4439 ||| DROPPING potion of degeneration.
  4440 | Ossuary  | 4440 ||| DROPPING potion of lignification.
  4502 | D:6      | 4502 ||| PLANNING D:1-11
  4823 | D:6      | Found a runed translucent door.
  4824 | D:6      | Noticed Crazy Yiuf
  5043 | D:6      | 5043 ||| READING scroll of teleportation.
  5260 | D:7      | 5260 ||| READING scroll of enchant armour.
  5260 | D:7      | 5260 ||| ENCHANTING +2 acid dragon scales.
  5382 | D:7      | 5382 ||| DRINKING 10 potions of curing.
  5382 | D:7      | 5382 ||| (to cure confusion)
  5451 | D:7      | Reached skill level 13 in Unarmed Combat
  5461 | D:7      | 5461 ||| Stepping ~*~*~tactically~*~*~ (hiding).
  5462 | D:7      | 5462 ||| Stepping ~*~*~tactically~*~*~ (hiding).
  5464 | D:7      | 5464 ||| Stepping ~*~*~tactically~*~*~ (hiding).
  5476 | D:7      | 5476 ||| Stepping ~*~*~tactically~*~*~ (stealth).
  5479 | D:7      | 5479 ||| Stepping ~*~*~tactically~*~*~ (outnumbered).
  5480 | D:7      | 5480 ||| Stepping ~*~*~tactically~*~*~ (outnumbered).
  5481 | D:7      | 5481 ||| Stepping ~*~*~tactically~*~*~ (outnumbered).
  5482 | D:7      | 5482 ||| Stepping ~*~*~tactically~*~*~ (outnumbered).
  5483 | D:7      | 5483 ||| INVOKING Fiery Armour.
  5484 | D:7      | 5484 ||| Stepping ~*~*~tactically~*~*~ (outnumbered).
  5485 | D:7      | 5485 ||| Stepping ~*~*~tactically~*~*~ (outnumbered).
  5591 | D:7      | Found a staircase to the Ecumenical Temple.
  5929 | D:7      | 5929 ||| UPGRADING to ring of protection from fire.
  5950 | D:8      | 5950 ||| Stepping ~*~*~tactically~*~*~ (hiding).
  5959 | D:8      | Reached XP level 10. HP: 82/86 MP: 10/10
  6035 | D:8      | 6035 ||| INVOKING Fiery Armour.
  6138 | D:8      | 6138 ||| Stepping ~*~*~tactically~*~*~ (stealth).
  6202 | D:8      | 6202 ||| READING 2 scrolls of identify.
  6202 | D:8      | 6202 ||| IDENTIFYING fizzy ruby potion
  6203 | D:8      | 6203 ||| DROPPING potion of berserk rage.
  6204 | D:8      | 6204 ||| READING 3 scrolls of teleportation.
  6235 | D:8      | 6235 ||| Stepping ~*~*~tactically~*~*~ (stealth).
  6237 | D:8      | 6237 ||| INVOKING Fiery Armour.
  6238 | D:8      | 6238 ||| Stepping ~*~*~tactically~*~*~ (outnumbered).
  6240 | D:8      | 6240 ||| Stepping ~*~*~tactically~*~*~ (outnumbered).
  6242 | D:8      | 6242 ||| Stepping ~*~*~tactically~*~*~ (outnumbered).
  6247 | D:8      | 6247 ||| Stepping ~*~*~tactically~*~*~ (outnumbered).
  6251 | D:8      | Reached skill level 14 in Unarmed Combat
  6265 | D:8      | Reached skill level 6 in Fighting
  6271 | D:8      | 6271 ||| Stepping ~*~*~tactically~*~*~ (stealth).
  6365 | D:8      | Found a hazy altar of Hepliaklqana.
  6365 | D:8      | Noticed a manticore
  6367 | D:8      | Found a hide-covered altar of Uskayaw.
  6367 | D:8      | Noticed a cyclops
  6370 | D:8      | Noticed a deep elf pyromancer
  6375 | D:8      | Found a transporter.
  6385 | D:8      | Found a transporter.
  6437 | D:8      | 6437 ||| Stepping ~*~*~tactically~*~*~ (stealth).
  6560 | D:8      | 6560 ||| Stepping ~*~*~tactically~*~*~ (hiding).
  6562 | D:8      | 6562 ||| Stepping ~*~*~tactically~*~*~ (hiding).
  6563 | D:8      | 6563 ||| Stepping ~*~*~tactically~*~*~ (hiding).
  6567 | D:8      | 6567 ||| Stepping ~*~*~tactically~*~*~ (outnumbered).
  6571 | D:8      | 6571 ||| Stepping ~*~*~tactically~*~*~ (outnumbered).
  6574 | D:8      | 6574 ||| Stepping ~*~*~tactically~*~*~ (outnumbered).
  6575 | D:8      | 6575 ||| Stepping ~*~*~tactically~*~*~ (outnumbered).
  6576 | D:8      | 6576 ||| Stepping ~*~*~tactically~*~*~ (outnumbered).
  6742 | D:9      | 6742 ||| Stepping ~*~*~tactically~*~*~ (outnumbered).
  6886 | D:9      | Reached skill level 15 in Unarmed Combat
  6905 | D:9      | 6905 ||| Stepping ~*~*~tactically~*~*~ (outnumbered).
  6908 | D:9      | 6908 ||| Stepping ~*~*~tactically~*~*~ (outnumbered).
  6966 | D:9      | 6966 ||| Stepping ~*~*~tactically~*~*~ (outnumbered).
  6980 | D:9      | Noticed Maggie
  6984 | D:9      | Paralysed by Maggie for 3 turns
  6992 | D:9      | Killed Maggie
  6993 | D:9      | Reached XP level 11. HP: 105/105 MP: 11/11
  6995 | D:9      | 6995 ||| INVOKING Fiery Armour.
  6997 | D:9      | 6997 ||| Stepping ~*~*~tactically~*~*~ (outnumbered).
  6998 | D:9      | 6998 ||| Stepping ~*~*~tactically~*~*~ (outnumbered).
  7233 | D:9      | Noticed Pikel
  7243 | D:9      | 7243 ||| Stepping ~*~*~tactically~*~*~ (outnumbered).
  7244 | D:9      | 7244 ||| Stepping ~*~*~tactically~*~*~ (outnumbered).
  7245 | D:9      | 7245 ||| Stepping ~*~*~tactically~*~*~ (outnumbered).
  7246 | D:9      | 7246 ||| Stepping ~*~*~tactically~*~*~ (outnumbered).
  7247 | D:9      | 7247 ||| Stepping ~*~*~tactically~*~*~ (outnumbered).
  7248 | D:9      | 7248 ||| Stepping ~*~*~tactically~*~*~ (outnumbered).
  7249 | D:9      | 7249 ||| Stepping ~*~*~tactically~*~*~ (outnumbered).
  7250 | D:9      | 7250 ||| Stepping ~*~*~tactically~*~*~ (outnumbered).
  7251 | D:9      | 7251 ||| Stepping ~*~*~tactically~*~*~ (outnumbered).
  7252 | D:9      | 7252 ||| Stepping ~*~*~tactically~*~*~ (outnumbered).
  7253 | D:9      | 7253 ||| Stepping ~*~*~tactically~*~*~ (outnumbered).
  7254 | D:9      | 7254 ||| Stepping ~*~*~tactically~*~*~ (outnumbered).
  7255 | D:9      | 7255 ||| Stepping ~*~*~tactically~*~*~ (outnumbered).
  7256 | D:9      | 7256 ||| Stepping ~*~*~tactically~*~*~ (outnumbered).
  7257 | D:9      | 7257 ||| Stepping ~*~*~tactically~*~*~ (outnumbered).
  7258 | D:9      | 7258 ||| Stepping ~*~*~tactically~*~*~ (outnumbered).
  7259 | D:9      | 7259 ||| Stepping ~*~*~tactically~*~*~ (outnumbered).
  7260 | D:9      | 7260 ||| Stepping ~*~*~tactically~*~*~ (outnumbered).
  7261 | D:9      | 7261 ||| Stepping ~*~*~tactically~*~*~ (outnumbered).
  7262 | D:9      | 7262 ||| Stepping ~*~*~tactically~*~*~ (outnumbered).
  7263 | D:9      | 7263 ||| STAIRDANCE
  7269 | D:8      | Killed Pikel
  7385 | D:9      | Found a sacrificial altar of Ru.
  7760 | D:10     | Entered Level 10 of the Dungeon
  7838 | D:10     | Noticed a two-headed ogre
  7839 | D:10     | 7839 ||| Stepping ~*~*~tactically~*~*~ (stealth).
  7846 | D:10     | 7846 ||| Stepping ~*~*~tactically~*~*~ (stealth).
  7863 | D:10     | Killed a two-headed ogre
  7911 | D:10     | 7911 ||| Stepping ~*~*~tactically~*~*~ (stealth).
  7921 | D:10     | 7921 ||| Stepping ~*~*~tactically~*~*~ (outnumbered).
  8183 | D:10     | 8183 ||| Stepping ~*~*~tactically~*~*~ (stealth).
  8186 | D:10     | 8186 ||| Stepping ~*~*~tactically~*~*~ (stealth).
  8187 | D:10     | 8187 ||| Stepping ~*~*~tactically~*~*~ (stealth).
  8195 | D:10     | 8195 ||| FLEEEEING.
  8196 | D:10     | 8196 ||| FLEEEEING.
  8197 | D:10     | 8197 ||| FLEEEEING.
  8198 | D:10     | 8198 ||| FLEEEEING.
  8199 | D:10     | 8199 ||| FLEEEEING.
  8200 | D:10     | 8200 ||| FLEEEEING.
  8221 | D:10     | 8221 ||| Stepping ~*~*~tactically~*~*~ (hiding).
  8223 | D:10     | 8223 ||| Stepping ~*~*~tactically~*~*~ (hiding).
  8243 | D:10     | 8243 ||| Stepping ~*~*~tactically~*~*~ (stealth).
  8260 | D:10     | 8260 ||| Stepping ~*~*~tactically~*~*~ (hiding).
  8265 | D:10     | 8265 ||| Stepping ~*~*~tactically~*~*~ (hiding).
  8358 | D:10     | 8358 ||| Stepping ~*~*~tactically~*~*~ (stealth).
  8361 | D:10     | 8361 ||| Stepping ~*~*~tactically~*~*~ (hiding).
  8370 | D:10     | Reached skill level 16 in Unarmed Combat
  8724 | D:11     | Reached skill level 3 in Throwing
  8745 | D:11     | 8745 ||| Stepping ~*~*~tactically~*~*~ (stealth).
  8799 | D:11     | 8799 ||| Stepping ~*~*~tactically~*~*~ (outnumbered).
  8800 | D:11     | 8800 ||| Stepping ~*~*~tactically~*~*~ (outnumbered).
  8801 | D:11     | 8801 ||| Stepping ~*~*~tactically~*~*~ (outnumbered).
  8802 | D:11     | 8802 ||| Stepping ~*~*~tactically~*~*~ (outnumbered).
  8803 | D:11     | 8803 ||| Stepping ~*~*~tactically~*~*~ (outnumbered).
  8804 | D:11     | 8804 ||| Stepping ~*~*~tactically~*~*~ (outnumbered).
  8805 | D:11     | 8805 ||| Stepping ~*~*~tactically~*~*~ (outnumbered).
  8806 | D:11     | 8806 ||| Stepping ~*~*~tactically~*~*~ (outnumbered).
  8851 | D:11     | 8851 ||| Stepping ~*~*~tactically~*~*~ (stealth).
  9136 | D:11     | Noticed Nergalle
  9137 | D:11     | 9137 ||| Stepping ~*~*~tactically~*~*~ (hiding).
  9138 | D:11     | 9138 ||| Stepping ~*~*~tactically~*~*~ (hiding).
  9146 | D:11     | 9146 ||| Stepping ~*~*~tactically~*~*~ (outnumbered).
  9147 | D:11     | 9147 ||| Stepping ~*~*~tactically~*~*~ (outnumbered).
  9148 | D:11     | 9148 ||| Stepping ~*~*~tactically~*~*~ (outnumbered).
  9157 | D:11     | 9157 ||| Stepping ~*~*~tactically~*~*~ (outnumbered).
  9158 | D:11     | 9158 ||| INVOKING Fiery Armour.
  9166 | D:11     | Killed Nergalle
  9403 | D:11     | Found a staircase to the Lair.
  9465 | D:11     | 9465 ||| Stepping ~*~*~tactically~*~*~ (outnumbered).
  9466 | D:11     | 9466 ||| Stepping ~*~*~tactically~*~*~ (outnumbered).
  9467 | D:11     | 9467 ||| Stepping ~*~*~tactically~*~*~ (outnumbered).
  9468 | D:11     | 9468 ||| Stepping ~*~*~tactically~*~*~ (outnumbered).
  9469 | D:11     | 9469 ||| Stepping ~*~*~tactically~*~*~ (outnumbered).
  9471 | D:11     | 9471 ||| Stepping ~*~*~tactically~*~*~ (outnumbered).
  9540 | D:11     | Found a staircase to the Orcish Mines.
  9622 | D:11     | 9622 ||| READING scroll labelled VOTHEUCRORPH.
  9623 | D:11     | 9623 ||| PLANNING LAIR
  9670 | Lair:1   | Entered Level 1 of the Lair of Beasts
  9671 | Lair:1   | 9671 ||| INVOKING Fiery Armour.
 10556 | Lair:1   | 10556 ||| UPGRADING to ring of willpower.
 10558 | Lair:1   | 10558 ||| READING 3 scrolls of identify.
 10558 | Lair:1   | 10558 ||| IDENTIFYING fizzy green potion
 10559 | Lair:1   | 10559 ||| DROPPING potion of invisibility.
 10581 | Lair:2   | Found a runed translucent door.
 10585 | Lair:2   | 10585 ||| INVOKING Fiery Armour.
 10591 | Lair:2   | 10591 ||| Stepping ~*~*~tactically~*~*~ (outnumbered).
 10778 | Lair:2   | 10778 ||| Stepping ~*~*~tactically~*~*~ (stealth).
 10779 | Lair:2   | 10779 ||| Stepping ~*~*~tactically~*~*~ (stealth).
 10834 | Lair:2   | Reached XP level 12. HP: 83/118 MP: 12/12
 10880 | Lair:2   | 10880 ||| INVOKING Fiery Armour.
 10889 | Lair:2   | 10889 ||| Stepping ~*~*~tactically~*~*~ (outnumbered).
 10892 | Lair:2   | 10892 ||| Stepping ~*~*~tactically~*~*~ (outnumbered).
 10893 | Lair:2   | 10893 ||| Stepping ~*~*~tactically~*~*~ (outnumbered).
 10897 | Lair:2   | 10897 ||| Stepping ~*~*~tactically~*~*~ (outnumbered).
 10898 | Lair:2   | 10898 ||| Stepping ~*~*~tactically~*~*~ (outnumbered).
 10899 | Lair:2   | 10899 ||| Stepping ~*~*~tactically~*~*~ (outnumbered).
 10899 | Lair:2   | HP: 21/118 [yak (13)]
 10900 | Lair:2   | 10900 ||| READING 7 scrolls of teleportation.
 10900 | Lair:2   | HP: 4/118 [yak (7)]
 10901 | Lair:2   | 10901 ||| DRINKING 6 potions of heal wounds.
 10902 | Lair:2   | 10902 ||| DRINKING 5 potions of heal wounds.
 10903 | Lair:2   | 10903 ||| DRINKING 4 potions of heal wounds.
 11024 | Lair:2   | 11024 ||| DRINKING 2 potions of cancellation.
 11033 | Lair:2   | Reached skill level 17 in Unarmed Combat
 11075 | Lair:2   | 11075 ||| Stepping ~*~*~tactically~*~*~ (outnumbered).
 11076 | Lair:2   | 11076 ||| Stepping ~*~*~tactically~*~*~ (outnumbered).
 11077 | Lair:2   | 11077 ||| Stepping ~*~*~tactically~*~*~ (outnumbered).
 11078 | Lair:2   | 11078 ||| Stepping ~*~*~tactically~*~*~ (outnumbered).
 11079 | Lair:2   | 11079 ||| Stepping ~*~*~tactically~*~*~ (outnumbered).
 11080 | Lair:2   | 11080 ||| Stepping ~*~*~tactically~*~*~ (outnumbered).
 11081 | Lair:2   | 11081 ||| Stepping ~*~*~tactically~*~*~ (outnumbered).
 11082 | Lair:2   | 11082 ||| Stepping ~*~*~tactically~*~*~ (outnumbered).
 11083 | Lair:2   | 11083 ||| Stepping ~*~*~tactically~*~*~ (outnumbered).
 11084 | Lair:2   | 11084 ||| Stepping ~*~*~tactically~*~*~ (outnumbered).
 11087 | Lair:2   | 11087 ||| Stepping ~*~*~tactically~*~*~ (outnumbered).
 11155 | Lair:2   | 11155 ||| Stepping ~*~*~tactically~*~*~ (outnumbered).
 11156 | Lair:2   | 11156 ||| Stepping ~*~*~tactically~*~*~ (outnumbered).
 11157 | Lair:2   | 11157 ||| Stepping ~*~*~tactically~*~*~ (outnumbered).
 11158 | Lair:2   | 11158 ||| Stepping ~*~*~tactically~*~*~ (outnumbered).
 11159 | Lair:2   | 11159 ||| Stepping ~*~*~tactically~*~*~ (outnumbered).
 11160 | Lair:2   | 11160 ||| Stepping ~*~*~tactically~*~*~ (outnumbered).
 11161 | Lair:2   | 11161 ||| Stepping ~*~*~tactically~*~*~ (outnumbered).
 11162 | Lair:2   | 11162 ||| Stepping ~*~*~tactically~*~*~ (outnumbered).
 11163 | Lair:2   | 11163 ||| Stepping ~*~*~tactically~*~*~ (outnumbered).
 11164 | Lair:2   | 11164 ||| Stepping ~*~*~tactically~*~*~ (outnumbered).
 11165 | Lair:2   | 11165 ||| Stepping ~*~*~tactically~*~*~ (outnumbered).
 11166 | Lair:2   | 11166 ||| Stepping ~*~*~tactically~*~*~ (outnumbered).
 11167 | Lair:2   | 11167 ||| Stepping ~*~*~tactically~*~*~ (outnumbered).
 11168 | Lair:2   | 11168 ||| Stepping ~*~*~tactically~*~*~ (outnumbered).
 11169 | Lair:2   | 11169 ||| Stepping ~*~*~tactically~*~*~ (outnumbered).
 11170 | Lair:2   | 11170 ||| Stepping ~*~*~tactically~*~*~ (outnumbered).
 11171 | Lair:2   | 11171 ||| Stepping ~*~*~tactically~*~*~ (outnumbered).
 11172 | Lair:2   | 11172 ||| Stepping ~*~*~tactically~*~*~ (outnumbered).
 11173 | Lair:2   | 11173 ||| Stepping ~*~*~tactically~*~*~ (outnumbered).
 11174 | Lair:2   | 11174 ||| Stepping ~*~*~tactically~*~*~ (outnumbered).
 11175 | Lair:2   | 11175 ||| Stepping ~*~*~tactically~*~*~ (outnumbered).
 11176 | Lair:2   | 11176 ||| Stepping ~*~*~tactically~*~*~ (outnumbered).
 11567 | Lair:2   | Noticed qw's ghost (journeyman TrCA)
 11568 | Lair:2   | 11568 ||| DROPPING ring of flight.
 11685 | Lair:3   | 11685 ||| Stepping ~*~*~tactically~*~*~ (stealth).
 11862 | Lair:3   | 11862 ||| Stepping ~*~*~tactically~*~*~ (hiding).
 11863 | Lair:3   | 11863 ||| Stepping ~*~*~tactically~*~*~ (hiding).
 11872 | Lair:3   | Found a staircase to the Snake Pit.
 11917 | Lair:3   | 11917 ||| Stepping ~*~*~tactically~*~*~ (stealth).
 11985 | Lair:3   | Found a staircase to the Swamp.
 12011 | Lair:3   | 12011 ||| Stepping ~*~*~tactically~*~*~ (stealth).
 12127 | Lair:3   | Reached skill level 18 in Unarmed Combat
 12132 | Lair:3   | 12132 ||| FLEEEEING.
 12133 | Lair:3   | 12133 ||| FLEEEEING.
 12134 | Lair:3   | 12134 ||| FLEEEEING.
 12135 | Lair:3   | 12135 ||| FLEEEEING.
 12136 | Lair:3   | 12136 ||| FLEEEEING.
 12137 | Lair:3   | 12137 ||| FLEEEEING.
 12138 | Lair:3   | 12138 ||| FLEEEEING.
 12139 | Lair:3   | 12139 ||| FLEEEEING.
 12344 | Lair:3   | Reached skill level 3 in Armour
 12349 | Lair:3   | 12349 ||| INVOKING Fiery Armour.
 12353 | Lair:3   | 12353 ||| Stepping ~*~*~tactically~*~*~ (outnumbered).
 12408 | Lair:3   | 12408 ||| PLANNING TEMPLE
 12626 | Temple   | Entered the Ecumenical Temple
 12626 | Temple   | Found a transporter.
 12626 | Temple   | Found a transporter.
 12628 | Temple   | Found a transporter.
 12628 | Temple   | Found a transporter.
 12638 | Temple   | 12638 ||| PLANNING LAIR
 12699 | Temple   | 12699 ||| PLANNING CONVERSION TO OKAWARU
 12702 | Temple   | Fell from the grace of Ignis
 12702 | Temple   | Became a worshipper of Warmaster Okawaru
 12703 | Temple   | 12703 ||| PLANNING LAIR
 13219 | Lair:4   | Noticed a death yak
 13221 | Lair:4   | Noticed a death yak
 13226 | Lair:4   | Noticed a death yak
 13230 | Lair:4   | 13230 ||| Stepping ~*~*~tactically~*~*~ (outnumbered).
 13231 | Lair:4   | 13231 ||| Stepping ~*~*~tactically~*~*~ (outnumbered).
 13232 | Lair:4   | 13232 ||| Stepping ~*~*~tactically~*~*~ (outnumbered).
 13238 | Lair:4   | Killed a death yak
 13241 | Lair:4   | Killed a death yak
 13247 | Lair:4   | Killed a death yak
 13336 | Lair:4   | Reached * piety under Okawaru
 13346 | Lair:4   | 13346 ||| INVOKING Heroism.
 13347 | Lair:4   | 13347 ||| INVOKING Heroism.
 13426 | Lair:4   | Reached skill level 1 in Invocations
 13426 | Lair:4   | Reached XP level 13. HP: 94/127 MP: 13/13
 13498 | Lair:4   | 13498 ||| INVOKING Heroism.
 13696 | Lair:4   | You fall into a shaft and drop 1 floor!
 13696 | Lair:5   | Entered Level 5 of the Lair of Beasts
 13699 | Lair:5   | 13699 ||| Stepping ~*~*~tactically~*~*~ (stealth).
 13700 | Lair:5   | 13700 ||| Stepping ~*~*~tactically~*~*~ (stealth).
 13701 | Lair:5   | 13701 ||| INVOKING Heroism.
 13702 | Lair:5   | 13702 ||| Stepping ~*~*~tactically~*~*~ (stealth).
 13703 | Lair:5   | 13703 ||| Stepping ~*~*~tactically~*~*~ (stealth).
 13714 | Lair:5   | HP: 31/127 [poisoned by a black mamba]
 13715 | Lair:5   | 13715 ||| READING 7 scrolls of teleportation.
 13715 | Lair:5   | HP: 10/127 [elephant (12)]
 13716 | Lair:5   | 13716 ||| DRINKING 3 potions of heal wounds.
 13716 | Lair:5   | HP: 4/127 [black mamba (11)]
 13717 | Lair:5   | 13717 ||| DRINKING 2 potions of heal wounds.
 13718 | Lair:5   | 13718 ||| DRINKING potion of heal wounds.
 13719 | Lair:5   | Succumbed to a black mamba's poison

Levels and vault maps discovered:
D:1:      amcnicky_arrival_underground_garden, layout_basic
D:2:      layout_rooms, serial_shops, nicolae_lakefront_shop,
          shapermc_ecumenical_altar_mp_highgroup
D:3:      layout_rooms, portal_sewer_entry_e, st_stairs_14, uniq_robin
D:4:      layout_loops_ring, elyvilon_altar_5
D:5:      layout_cave_pools, gammafunk_ghost_grave
D:6:      layout_basic, nicolae_qazlal_general_emergency,
          nicolae_ossuary_entry_false_entrances, minmay_increasing_density,
          uniq_crazy_yiuf_cottage, uniq_prince_ribbit1
D:7:      layout_basic, minmay_temple_entry_enclosed_plants
D:8:      nzn_winding_woodlands_small [nzn_winding_woodlands_5x15_twine,
          nzn_winding_woodlands_center_pierced_h,
          nzn_winding_woodlands_5x15_zeroes], layout_gridville,
          gammafunk_temple_overflow_arena, corexii_checkpoint_b
D:9:      layout_cave_pods, mainiacjoe_overflow_concentric_impassable,
          uniq_maggie, uniq_pikel
D:10:     layout_loops_ring, special_room [special_room_orc]
D:11:     layout_gridville, grunt_lair_entry_orc_guard_hut, uniq_nergalle
Temple:   hellmonk_temple_divided_pantheon
Lair:1:   layout_regular_city, minmay_hedge_maze, cheibrodos_lair_reptile_den
Lair:2:   layout_gridlike, ebering_ghost_reflecting_pool,
          nicolae_quartered_pool_super, guppyfry_lair_drakes
Lair:3:   cheibrodos_magma_flow, layout_regular_city, swamp_mist,
          minmay_snake_entry_guardpost_small, grunt_megastairs_1
Lair:4:   layout_hall_layers
Lair:5:   hangedman_lair_tendril_chambers, layout_loops_ring, slime_entry_1,
          grunt_forest_small_clearings, minmay_shattered_shrine, uniq_nessos

Skill      XL: |  1  2  3  4  5  6  7  8  9 10 11 12 13 |
---------------+----------------------------------------+-----
Unarmed Combat | 4 5 6 8 9 10 13 15 16 18 | 18.7
Fighting       | 3 4 5 6 7 8 |  8.0
Dodging        | 1 2 |  2.0
Throwing       | 1 5 |  5.1
Armour         | 2 3 |  3.2
Invocations    | 1 2 |  2.5
Spellcasting   | |  1.0
Fire Magic     | |  2.1

Action                   |  1- 3 |  4- 6 |  7- 9 | 10-12 | 13-15 || total
-------------------------+-------+-------+-------+-------+-------++-------
Melee: Unarmed           |   102 |   160 |   277 |   550 |    21 ||  1110
       Punch             |       |     4 |    15 |    44 |     3 ||    66
Throw: Boomerang         |       |       |    15 |    39 |     3 ||    57
       Javelin           |       |       |       |    61 |     2 ||    63
       Large rock        |       |       |       |     8 |       ||     8
Invok: Fiery Armour      |     1 |     2 |     2 |     8 |       ||    13
       Heroism           |       |       |       |     1 |     2 ||     3
  Use: Scroll            |     1 |     8 |    15 |     5 |     1 ||    30
       Potion            |     1 |     6 |     3 |     4 |     3 ||    17
Armor: Robe              |    38 |    36 |    43 |       |       ||   117
       Acid dragon scale |       |       |    42 |   238 |    29 ||   309
Dodge: Dodged            |    38 |    62 |   102 |   206 |    26 ||   434

Table legend:
 A = Non-vault XP
 B = Vault XP
 C = Vault XP percentage of total XP
 D = Non-vault monster count
 E = Vault monster count
 F = Vault count percentage of total count
                 A         B        C        D         E       F
            +---------+---------+-------+---------+---------+-------
      Total |   30673 |   10480 |  25.5 |     273 |     136 |  33.3
            +---------+---------+-------+---------+---------+-------
        D:1 |      31 |       0 |   0.0 |      20 |       0 |   0.0
        D:2 |      96 |       0 |   0.0 |      19 |       0 |   0.0
        D:3 |      40 |      41 |  50.6 |      15 |      14 |  48.3
        D:4 |     684 |       0 |   0.0 |      35 |       0 |   0.0
        D:5 |     462 |       0 |   0.0 |      16 |       0 |   0.0
        D:6 |     993 |     692 |  41.1 |      16 |       9 |  36.0
        D:7 |     974 |       0 |   0.0 |      12 |       0 |   0.0
        D:8 |    2057 |    2354 |  53.4 |      17 |      20 |  54.1
        D:9 |    1905 |     415 |  17.9 |      21 |       1 |   4.5
       D:10 |    2427 |     375 |  13.4 |      21 |      24 |  53.3
       D:11 |    1697 |    1413 |  45.4 |      11 |       7 |  38.9
     Lair:1 |    1074 |     626 |  36.8 |       5 |       7 |  58.3
     Lair:2 |    5575 |     749 |  11.8 |      31 |       3 |   8.8
     Lair:3 |    5525 |    2382 |  30.1 |      20 |      12 |  37.5
     Lair:4 |    5793 |       0 |   0.0 |      11 |       0 |   0.0
     Lair:5 |    1340 |       0 |   0.0 |       3 |       0 |   0.0
      Sewer |       0 |     145 | 100.0 |       0 |       7 | 100.0
    Ossuary |       0 |    1288 | 100.0 |       0 |      32 | 100.0
            +---------+---------+-------+---------+---------+-------
